 Dungeon Crawl Stone Soup version 0.27-a0-1278-g6cbc8dfb29 (webtiles) character file.

Game seed: 9893078318654175202

9638 porpoise the Thaumaturge (level 11, 0/63 HPs)
             Began as a Deep Elf Conjurer on June 13, 2021.
             Was an Initiate of Sif Muna.
             Slain by a salamander (3 damage)
             ... in a volcano.
             The game lasted 00:59:47 (14075 turns).

porpoise the Thaumaturge (Deep Elf Conjurer)       Turns: 14075, Time: 00:59:50

Health: 0/63       AC:  7    Str:  5    XL:     11   Next: 25%
Magic:  20/26      EV: 19    Int: 32    God:    Sif Muna [......]
Gold:   169        SH:  7    Dex: 13    Spells: 17/28 levels left

rFire    + + .     SeeInvis .   b - +1 hunting sling
rCold    + . .     Faith    .   e - +2 buckler {rPois}
rNeg     + . .     Spirit   .   O - +2 robe {Will+}
rPois    +         Reflect  .   B - +1 hat
rElec    .         Harm     .   T - scarf {rC+ rF+}
rCorr    .         Rampage  .   D - +0 pair of gloves
Will     ++...                  R - +0 pair of boots
Stlth    +++.......             W - macabre finger necklace {rN+}
HPRegen  0.20/turn              I - +4 ring of evasion
MPRegen  0.20/turn              G - +6 ring of intelligence
                                M - ring of protection from fire

@: no status effects
A: no striking features
a: Renounce Religion


You were in a volcano.
You worshipped Sif Muna.
Sif Muna was noncommittal.
You visited 3 branches of the dungeon, and saw 12 of its levels.
You also visited: Sewer and Volcano.

You collected 653 gold pieces.
You spent 484 gold pieces at shops.

Inventory:

Hand Weapons
 a - a +2 falchion of freezing
 b - a +1 hunting sling (weapon)
Missiles
 c - 37 poisoned darts
 i - 5 javelins
 q - 5 boomerangs
 v - 26 sling bullets (quivered ammo)
 z - 7 datura-tipped darts
 N - 4 curare-tipped darts
 S - a throwing net
Armour
 e - a +2 buckler of poison resistance (worn)
 B - a +1 hat (worn)
 D - a +0 pair of gloves (worn)
 O - a +2 robe of willpower (worn)
 R - a +0 pair of boots (worn)
 T - a scarf of resistance (worn)
Jewellery
 E - a +6 ring of dexterity
 G - a +6 ring of intelligence (right hand)
 H - a ring of resist corrosion
 I - a +4 ring of evasion (left hand)
 M - a ring of protection from fire (on amulet)
 W - the macabre finger necklace (around neck) {rN+}
   (You found it on level 10 of the Dungeon)

   [amulet of nothing]

   It enables you to equip an extra ring.
   It protects you from negative energy.
Wands
 K - a wand of polymorph (12)
 P - a wand of acid (4)
 U - a wand of flame (19)
Scrolls
 j - a scroll of fear
 m - 5 scrolls of teleportation
 p - a scroll of holy word {unknown}
 C - a scroll of torment {unknown}
 F - a scroll of summoning
 J - a scroll of fog {unknown}
Potions
 d - a potion of invisibility
 g - a potion of haste
 h - 3 potions of flight
 n - 6 potions of curing
 s - 5 potions of might
 A - 3 potions of lignification
 L - a potion of berserk rage
 Q - a potion of heal wounds {unknown}


   Skills:
 - Level 5.0 Fighting
 + Level 3.6 Armour
 - Level 7.0 Dodging
 - Level 5.0 Stealth
 - Level 4.0 Shields
 - Level 9.0 Spellcasting
 - Level 9.0 Conjurations
 - Level 7.0 Hexes
 - Level 7.0 Translocations
 + Level 2.1 Invocations
 - Level 5.0 Evocations


You had 17 spell levels left.
You knew the following spells:

 Your Spells              Type           Power      Damage    Failure   Level
a - Magic Dart            Conj           100%       1d8       1%          1
b - Searing Ray           Conj           100%       3d7       1%          2
c - Iskenderun's Mystic   Conj/Tloc      60%        2d13      1%          4
d - Fulminant Prism       Conj/Hex       30%        3d16      1%          4

Your spell library contained the following spells:

 Spells                   Type           Power      Damage    Failure   Level
 Dazzling Flash           Conj/Hex       100%       N/A       1%          3
 Animate Skeleton         Necr           28%        N/A       3%          1
 Beastly Appendage        Tmut           28%        N/A       3%          1
 Pain                     Necr           56%        1d6       3%          1
 Wereblood                Tmut           14%        N/A       4%          2
 Spider Form              Tmut/Pois      7%         N/A       10%         3
 Vampiric Draining        Necr           7%         2d7       10%         3
 Animate Dead             Necr           7%         N/A       32%         4
 Ice Form                 Ice/Tmut       14%        N/A       32%         4
 Agony                    Necr           14%        N/A       67%         5


Dungeon Overview and Level Annotations

Branches:
Dungeon (10/15)            Temple (1/1) D:7            Lair (1/6) D:10
  Sewer (visited)         Volcano (1/1)
    Orc: D:9-12

Altars:
Ashenzari
Cheibriados
Dithmenos
Elyvilon
Fedhas
Gozag
Hepliaklqana
Kikubaaqudgha
Makhleb
Nemelex Xobeh
Okawaru
Qazlal
Ru
Sif Muna
Trog
Uskayaw
Vehumet
Wu Jian
Xom
Yredelemnul
Zin
The Shining One

Shops:
D:1 =   D:4 (([   D:6 *   D:9 *

Annotations:
D:4 3 runed translucent doors, TODO's ghost, novice VSFi; deletemesenpai's ghost, weakling TrFi
D:7 2 runed translucent doors, pigah's ghost, novice OpWn
D:9 dig


Message History

The salamander is moderately wounded.
A hell hound comes into view.
You block the salamander's attack.
A salamander comes into view. It is wielding a +3 vorpal trident.
The searing ray hits the salamander.
The salamander is moderately wounded.
The hell hound barks!
A fire bat comes into view.
You block the salamander's attack. The hell hound completely misses you.
A salamander comes into view.
You block the salamander's attack.
The fire bat moves out of view.
Casting: Searing Ray (safe; 1% risk of failure)
Confirm with . or Enter, or press ? or * to list all spells.
Aiming: Searing Ray (safe; 1% risk of failure)
Press: ? - help, Shift-Dir - straight line, f - hell hound, p - salamander
Aim: a hell hound (76% to hit)
The searing ray hits the hell hound!
The hell hound is moderately wounded.
The searing ray hits the salamander.
The salamander is lightly wounded.
The searing ray hits the hell hound!
The hell hound is moderately wounded. (Press . to maintain the ray.)
The hell hound closely misses you. The salamander misses you.
The salamander hits you from afar with a +3 vorpal trident.
You are engulfed in flames.
You resist.
The searing ray misses the hell hound.
The searing ray hits the salamander.
The salamander is lightly wounded.
The hell hound bites you!
The salamander hits you from afar with a +0 spear!
You are engulfed in flames.
You resist. The hell hound closely misses you.
The hell hound breathes flames at you.
The blast of flame hits the salamander.
The salamander completely resists.
The blast of flame hits the hell hound.
The hell hound completely resists.
The blast of flame misses you.
The salamander hits you from afar with a +3 vorpal trident!
* * * LOW HITPOINT WARNING * * *
You are engulfed in flames.
You resist.
* * * LOW HITPOINT WARNING * * *
You die...

#≈≈ ≈≈#≈#≈#°#°#☼§§≈§ ≈
≈#≈≈§#§≈§≈≈#§#§○≈#§≈≈#§≈
≈≈≈≈≈§§≈≈§§§≈≈#≈§§§≈≈≈≈§
≈≈≈≈≈≈≈§≈≈≈≈≈§≈°≈○≈≈≈≈§≈
≈≈≈§≈≈§§§≈§≈≈§§≈○§≈≈≈≈≈≈
≈§≈≈§§§≈§§≈§§§§≈○§§≈≈≈§≈
≈§§§§≈§≈≈§§≈≈§§§§○≈§≈≈§§ §≈≈≈≈
§§≈≈§≈≈§≈§§...≈.°☼§≈≈≈≈§ #...§
.......@........°○..##≈§ ##...
#...##h##...#####○...## ##..#
##.##NN ##.## ##..#'## .#..#
#.#..h #.# #..#.#∩ .#..# #.#..)
#.# #..#.#. '#..## ##.##.. ##.##
##..##.#
#....##+##...#####°.°##+##...####
##....^^^....................#≈≈≈
≈≈.≈≈...≈...≈≈≈≈≈.≈≈≈○≈≈≈≈≈≈≈≈≈≈≈


You could see 2 salamanders and 2 hell hounds.

Vanquished Creatures
  Erica (D:8)
  2 two-headed ogres (D:9)
  Pikel (D:7)
  Maggie (Lair:1)
  A komodo dragon (Lair:1)
  2 unseen horrors (D:10)
  2 trolls
  A wraith (D:8)
  3 yaks (D:10)
  A steam dragon (D:6)
  Menkaure (D:7)
  An acid dragon (D:10)
  3 orc warriors
  2 ice beasts
  A black bear (D:7)
  2 ogres (D:5)
  9 centaurs
  3 lemures (D:7)
  An elf zombie (D:5)
  3 kobold brigands
  2 bullfrogs
  3 scorpions
  A water moccasin zombie (D:6)
  2 elf skeletons (D:5)
  A wyvern zombie (D:8)
  A water moccasin skeleton (D:6)
  6 killer bees (D:9)
  8 wights
  2 howler monkeys
  3 centaur zombies
  4 hounds
  2 orc priests
  A jelly (D:6)
  3 human skeletons (D:5)
  2 iguanas
  5 orc wizards
  A hound skeleton (D:5)
  A howler monkey zombie (D:8)
  3 gnolls (D:2)
  2 howler monkey skeletons
  7 adders
  5 river rats
  2 shadow imps
  2 white imps
  2 ufetubi
  An adder skeleton (D:5)
  A worm (D:5)
  3 dart slugs
  22 orcs
  7 ball pythons
  2 endoplasms (D:1)
  9 giant cockroaches
  5 goblins
  8 hobgoblins
  20 jackals
  3 quokkas
  6 bats
  4 frilled lizards
  14 kobolds
  3 orc skeletons (D:5)
  2 orc zombies (D:5)
  6 rats
228 creatures vanquished.

Vanquished Creatures (collateral kills)
  Gastronok (D:8)
1 creature vanquished.

Vanquished Creatures (others)
  11 fulminant prisms
11 creatures vanquished.

Grand Total: 240 creatures vanquished

Notes
Turn   | Place    | Note
-------+----------+-------------------------------------------
     0 | D:1      | porpoise the Deep Elf Conjurer began the quest for the Orb.
     0 | D:1      | Reached XP level 1. HP: 10/10 MP: 6/6
   258 | D:1      | Reached XP level 2. HP: 13/15 MP: 2/8
   300 | D:1      | Learned a level 2 spell: Searing Ray
   358 | D:1      | Found Neosunk's Jewellery Boutique.
   767 | D:1      | Found a faded altar of an unknown god.
   816 | D:1      | Reached skill level 5 in Conjurations
   816 | D:1      | Reached XP level 3. HP: 19/19 MP: 8/10
  1501 | D:2      | Reached XP level 4. HP: 15/24 MP: 5/12
  2106 | D:3      | Reached skill level 5 in Spellcasting
  2111 | D:3      | Learned a level 4 spell: Iskenderun's Mystic Blast
  2116 | D:3      | Learned a level 4 spell: Fulminant Prism
  2861 | D:3      | Reached skill level 1 in Shields
  2877 | D:3      | Reached XP level 5. HP: 28/28 MP: 11/14
  3222 | D:4      | Found a glowing silver altar of Zin.
  3860 | D:4      | Found Arahidd's Antique Armour Shoppe.
  3945 | D:4      | Found a runed translucent gate.
  3945 | D:4      | Noticed deletemesenpai's ghost (weakling TrFi)
  3945 | D:4      | Noticed TODO's ghost (novice VSFi)
  3946 | D:4      | Found a runed translucent gate.
  3946 | D:4      | Found a runed translucent gate.
  3987 | D:4      | You fall into a shaft and drop 2 floors!
  4102 | D:6      | Reached XP level 6. HP: 32/32 MP: 11/15
  4203 | D:5      | Entered Level 5 of the Dungeon
  4315 | D:5      | Noticed an ice beast
  4321 | D:5      | Killed an ice beast
  4377 | D:5      | Found a glowing drain.
  4395 | Sewer    | Entered a sewer
  4406 | Sewer    | Reached skill level 1 in Translocations
  4406 | Sewer    | Reached XP level 7. HP: 36/36 MP: 2/16
  4692 | Sewer    | Found a white marble altar of Elyvilon.
  5458 | D:5      | Reached skill level 1 in Fighting
  5645 | D:5      | Reached XP level 8. HP: 37/44 MP: 12/17
  5746 | D:4      | Found Ogreod's Antique Weapon Boutique.
  5988 | D:4      | Found a snail-covered altar of Cheibriados.
  6039 | D:4      | Found Ymaotuts's Antique Weapon Shop.
  6689 | D:5      | Found a basalt altar of Yredelemnul.
  6691 | D:5      | Found an ornate altar of the Wu Jian Council.
  6695 | D:5      | Found a radiant altar of Vehumet.
  6947 | D:6      | Reached skill level 5 in Translocations
  6950 | D:6      | Reached skill level 1 in Hexes
  7114 | D:6      | Found Humisk's Assorted Antiques.
  7117 | D:6      | Bought a smoky orange potion for 26 gold pieces
  7117 | D:6      | Bought 2 fizzy grey potions for 52 gold pieces
  7117 | D:6      | Bought a diamond ring for 145 gold pieces
  7767 | D:6      | Reached skill level 5 in Dodging
  7885 | D:7      | Reached skill level 5 in Hexes
  8132 | D:7      | Found a staircase to the Ecumenical Temple.
  8136 | D:7      | Noticed Menkaure
  8140 | D:7      | Killed Menkaure
  8141 | D:7      | Reached XP level 9. HP: 27/50 MP: 14/19
  8286 | Temple   | Entered the Ecumenical Temple
  8481 | D:7      | Found a bloodstained altar of Trog.
  8728 | D:7      | Noticed Pikel
  8734 | D:7      | Killed Pikel
  9074 | D:7      | Found a large runed translucent door.
  9074 | D:7      | Found a large runed translucent door.
  9074 | D:7      | Noticed pigah's ghost (novice OpWn)
  9238 | D:6      | Bought a tourmaline ring for 145 gold pieces
 10097 | D:8      | Found a hide-covered altar of Uskayaw.
 10214 | D:8      | Noticed Erica
 10224 | D:8      | Killed Erica
 10225 | D:8      | Reached skill level 5 in Fighting
 10225 | D:8      | Reached skill level 1 in Evocations
 10229 | D:8      | Noticed Gastronok
 10832 | D:8      | Killed Gastronok
 10833 | D:8      | Reached XP level 10. HP: 59/59 MP: 25/25
 11135 | D:8      | Found a broken altar of Ashenzari.
 11480 | D:9      | Noticed a two-headed ogre
 11486 | D:9      | Killed a two-headed ogre
 11487 | D:9      | Reached skill level 5 in Evocations
 11705 | D:9      | Found a sacrificial altar of Ru.
 11824 | D:9      | Found a hazy altar of Hepliaklqana.
 11988 | D:9      | Found Ytwa's Lightly-Used Armoury.
 12052 | D:9      | Noticed a two-headed ogre
 12057 | D:9      | Killed a two-headed ogre
 12058 | D:9      | Reached skill level 5 in Stealth
 12183 | D:9      | Reached skill level 1 in Armour
 12281 | D:9      | Found a shimmering blue altar of Sif Muna.
 12286 | D:9      | Became a worshipper of Sif Muna the Loreminder
 12388 | D:6      | Bought a fluorescent wand for 116 gold pieces
 12472 | D:9      | Found a blossoming altar of Fedhas.
 12687 | D:10     | Entered Level 10 of the Dungeon
 12720 | D:10     | Found a staircase to the Lair.
 12840 | D:10     | Reached XP level 11. HP: 63/63 MP: 20/26
 13076 | D:10     | Found the macabre finger necklace {rN+}
 13882 | Lair:1   | Entered Level 1 of the Lair of Beasts
 13887 | Lair:1   | Noticed Maggie
 13891 | Lair:1   | Killed Maggie
 13892 | Lair:1   | Reached skill level 1 in Invocations
 13981 | Lair:1   | Found a dark tunnel.
 13988 | Volcano  | Entered a volcano
 14075 | Volcano  | HP: 3/63 [salamander (3)]
 14075 | Volcano  | Slain by a salamander

Illustrated notes

Levels and vault maps discovered:
D:1:      dpeg_arrival_houses_and_road, layout_loops_cross,
          hellmonk_ecumenical_altar_slurped_away, serial_shops, shop
D:2:      layout_basic, chequers_serial_rivers_marsh, minmay_statues_item
D:3:      layout_rooms, minmay_ruptured
D:4:      layout_cave_pods, old_standard_altar, nicolae_overflow_hidden_temple,
          gammafunk_ghost_cemetery, serial_shops, nicolae_shop_statue_plus,
          kennysheep_mini_moat, nicolae_shop_behind_doors
D:5:      layout_gridville, minitemple, cheibrodos_sewer_entry_sluice,
          nicolae_ossuary_entry_catacombs
D:6:      layout_basic, serial_shops, kennysheep_mini
D:7:      layout_layer_cave, trog_butcher_becter, temple_statues,
          ebering_ghost_disaster_area, dk_rats_in_the_wall, uniq_menkaure,
          uniq_pikel
D:8:      layout_basic, old_standard_altar, lemuel_round_altar, uniq_erica,
          uniq_gastronok
D:9:      layout_loops_cross, nicolae_overflow_crystal_walls,
          nicolae_sif_muna_little_library, nicolae_ru_path_of_blood,
          fedhas_bush_and_centaur_altar, minmay_shop_damaged,
          minmay_misc_feat_four_crosses
D:10:     layout_grid_maze, lair_entry_dummy
Temple:   compressed_dpeg_circular_temple
Lair:1:   layout_roguey, enter_volcano_2, gammafunk_ghost_berserking_beasts,
          beast_lair_carwin_4, uniq_maggie
Volcano:  volcano_village

Skill      XL: |  1  2  3  4  5  6  7  8  9 10 11 |
---------------+----------------------------------+-----
Spellcasting   | 4 5 9 |  9.0
Conjurations   | 5 6 7 9 |  9.0
Shields        | 1 2 3 4 |  4.0
Translocations | 1 4 5 6 7 |  7.0
Fighting       | 2 3 5 |  5.0
Hexes          | 5 6 7 |  7.0
Dodging        | 6 7 |  7.0
Evocations     | 4 5 |  5.0
Stealth        | 5 |  5.0
Armour         | 1 3 |  3.6
Invocations    | 2 |  2.1

Action                   |  1- 3 |  4- 6 |  7- 9 | 10-12 || total
-------------------------+-------+-------+-------+-------++-------
Melee: Short sword       |     1 |       |       |       ||     1
       Falchion          |       |       |    15 |       ||    15
       Hunting sling     |       |       |       |     2 ||     2
 Fire: Hunting sling     |       |       |    44 |    14 ||    58
Throw: Dart              |       |    13 |    34 |     5 ||    52
 Cast: Magic Dart        |    54 |    49 |     9 |       ||   112
       Searing Ray       |     6 |    38 |    71 |    35 ||   150
       Fulminant Prism   |       |       |     6 |     5 ||    11
       Iskenderun's Myst |       |       |     3 |    11 ||    14
  Use: Scroll            |       |     6 |     7 |     6 ||    19
Armor: Robe              |       |     1 |     2 |     2 ||     5
Dodge: Dodged            |     6 |     5 |    27 |    30 ||    68
Block: Buckler           |       |       |    17 |    16 ||    33
       Rpst.: Falchion   |       |     1 |     1 |       ||     2

Table legend: (Time is in decaauts)
 A = Elapsed time spent in this place.
 B = Non-inter-level travel time spent in this place.
 C = Inter-level travel time spent in this place.
 D = Time resting spent in this place.
 E = Time spent auto-exploring this place.
 F = Levels seen in this place.
 G = Mean time per level.
                   A        B        C        D        E       F      G
               +--------+--------+--------+--------+--------+-----+--------+
         Total |  14178 |  13452 |    726 |   5600 |   5417 |  14 | 1012.7 |
       Dungeon |  13452 |  12736 |    716 |   5387 |   5340 |  10 | 1345.2 |
        Temple |     87 |     77 |     10 |      0 |     77 |   1 |   87.0 |
          Lair |    104 |    104 |      0 |     35 |      0 |   1 |  104.0 |
         Sewer |    432 |    432 |      0 |    178 |      0 |   1 |  432.0 |
       Volcano |    100 |    100 |      0 |      0 |      0 |   1 |  100.0 |
               +--------+--------+--------+--------+--------+-----+--------+

Top non-repeatable levels by time:
     D:7: 2298 daAuts
     D:5: 1541 daAuts
     D:1: 1528 daAuts
     D:4: 1500 daAuts
     D:6: 1403 daAuts
     D:9: 1208 daAuts
    D:10: 1183 daAuts
     D:3: 1148 daAuts
     D:8: 1075 daAuts
     D:2: 563 daAuts
   Sewer: 432 daAuts
  Lair:1: 104 daAuts
 Volcano: 100 daAuts
  Temple: 87 daAuts
